MWL (24 & UNDER)
BARRY'S BAY ORIOLES @ MANHATTEN MEATHEADS
09/01/2023
 
TOP OF THE 1ST
Barry's Bay Orioles batting - Pitching for Manhatten Meatheads : LHP Ben Head
Pitching: LHP Ben Head
Batting: LHB Javier Orozco 0-0: Fly out, F3 (Popup, 3F)
Batting: RHB Juan Velásquez 0-0: Called Strike
0-1: Swinging Strike
0-2: Ball
1-2: Foul Ball, location: 2F
1-2: Strikes out swinging
Batting: LHB Joaquín González 0-0: Swinging Strike
0-1: Foul Ball, location: 2F
0-2: Ball
1-2: Ball
2-2: Reached on error, E6 (Groundball, 6)
Batting: RHB Enrico Ramos 0-0: Ball
1-0: Ball
2-0: Foul Ball, location: 2F
2-1: Called Strike
2-2: Ground out 4-3 (Groundball, 4)
Top of the 1st over - 0 run(s), 0 hit(s), 1 error(s), 1 left on base; Barry's Bay 0 - Manhatten 0
BOTTOM OF THE 1ST
Manhatten Meatheads batting - Pitching for Barry's Bay Orioles : RHP Juan Gutiérrez
Pitching: RHP Juan Gutiérrez
Batting: RHB Mark McDonald 0-0: Called Strike
0-1: Ball
1-1: Swinging Strike
1-2: Ball
2-2: Strikes out swinging
Batting: RHB Kyle O'Day 0-0: Ground out 5-3 (Groundball, 56S)
Batting: LHB Pat Zimmerman 0-0: Called Strike
0-1: Called Strike
0-2: Foul Ball, location: 2F
0-2: Ball
1-2: Foul Ball, location: 2F
1-2: Foul Ball, location: 2F
1-2: Strikes out swinging
Bottom of the 1st over - 0 run(s), 0 hit(s), 0 error(s), 0 left on base; Barry's Bay 0 - Manhatten 0
TOP OF THE 2ND
Barry's Bay Orioles batting - Pitching for Manhatten Meatheads : LHP Ben Head
Batting: RHB Pedro Molina 0-0: Called Strike
0-1: Reached on error, E6 (Groundball, 6)
Batting: RHB Vincent Braun 0-0: Called Strike
0-1: Foul Ball, location: 2F
0-2: Strikes out swinging
Batting: SHB Walt Simmons 0-0: Ball
1-0: Swinging Strike
1-1: Foul Ball, location: 2F
1-2: Foul Ball, location: 2F
1-2: Fly out, F8 (Line Drive, 8RM)
Batting: RHB Tom Hughes 0-0: Called Strike
0-1: Ball
1-1: Fly out, F7 (Flyball, 78D)
Top of the 2nd over - 0 run(s), 0 hit(s), 1 error(s), 1 left on base; Barry's Bay 0 - Manhatten 0
BOTTOM OF THE 2ND
Manhatten Meatheads batting - Pitching for Barry's Bay Orioles : RHP Juan Gutiérrez
Batting: LHB Dave Watt 0-0: Fly out, F8 (Flyball, 8RS)
Batting: LHB Ed Murray 0-0: Called Strike
0-1: Swinging Strike
0-2: Foul Ball, location: 2F
0-2: Strikes out swinging
Batting: RHB Juan Reyes 0-0: Ball
1-0: Fly out, F8 (Flyball, 8RM)
Bottom of the 2nd over - 0 run(s), 0 hit(s), 0 error(s), 0 left on base; Barry's Bay 0 - Manhatten 0
TOP OF THE 3RD
Barry's Bay Orioles batting - Pitching for Manhatten Meatheads : LHP Ben Head
Batting: RHB Curt Wagner 0-0: Ball
1-0: Called Strike
1-1: Ball
2-1: Foul Ball, location: 2F
2-2: Strikes out looking
Batting: LHB Javier Orozco 0-0: SINGLE (Line Drive, 4D)
Batting: RHB Juan Velásquez 0-0: Ball
1-0: Called Strike
1-1: Called Strike
1-2: Grounds into double play, 4-6-3 (Groundball, 4)
Top of the 3rd over - 0 run(s), 1 hit(s), 0 error(s), 0 left on base; Barry's Bay 0 - Manhatten 0
BOTTOM OF THE 3RD
Manhatten Meatheads batting - Pitching for Barry's Bay Orioles : RHP Juan Gutiérrez
Batting: RHB Greg Lee 0-0: Foul Ball, location: 2F
0-1: Foul Ball, location: 2F
0-2: Ball
1-2: Strikes out swinging
Batting: SHB Will Evans 0-0: Foul Ball, location: 2F
0-1: Ball
1-1: SINGLE (Line Drive, 7LS)
Batting: SHB Kent Phillips 0-0: Ball
1-0: Foul Ball, location: 2F
1-1: Ball
2-1: Called Strike
Will Evans steals 2nd base
2-2: Ball
3-2: Base on Balls
Batting: RHB Mark McDonald 0-0: Ball
1-0: Foul Ball, location: 2F
1-1: Fly out, F7 (Flyball, 7M)
Batting: RHB Kyle O'Day 0-0: Called Strike
0-1: Ball
1-1: Ball
2-1: Called Strike
2-2: SINGLE (Groundball, 4MD)
Will Evans to third
Kent Phillips to second
Runner from 3rd tries for Home, SAFE, no throw or cutoff
Batting: LHB Pat Zimmerman 0-0: Ball
1-0: Foul Ball, location: 2F
1-1: Foul Ball, location: 2F
1-2: Ball
2-2: DOUBLE (Flyball, 9LM)
Kent Phillips scores
Kyle O'Day to third
Runner from 3rd tries for Home, SAFE, no throw or cutoff
Batting: LHB Dave Watt 0-0: Called Strike
0-1: Ball
1-1: Foul Ball, location: 2F
1-2: Ball
2-2: Strikes out swinging
Bottom of the 3rd over - 3 run(s), 3 hit(s), 0 error(s), 1 left on base; Barry's Bay 0 - Manhatten 3
TOP OF THE 4TH
Barry's Bay Orioles batting - Pitching for Manhatten Meatheads : LHP Ben Head
Batting: LHB Joaquín González 0-0: Ball
1-0: Called Strike
1-1: Called Strike
1-2: Strikes out swinging
Batting: RHB Enrico Ramos 0-0: Called Strike
0-1: SINGLE (Line Drive, 89S)
Batting: RHB Pedro Molina 0-0: Called Strike
0-1: Grounds into double play, 6-4-3 (Groundball, 6)
Top of the 4th over - 0 run(s), 1 hit(s), 0 error(s), 0 left on base; Barry's Bay 0 - Manhatten 3
BOTTOM OF THE 4TH
Manhatten Meatheads batting - Pitching for Barry's Bay Orioles : RHP Juan Gutiérrez
Batting: LHB Ed Murray 0-0: Swinging Strike
0-1: Ball
1-1: Ball
2-1: Foul Ball, location: 2F
2-2: Strikes out swinging
Batting: RHB Juan Reyes 0-0: Called Strike
0-1: Foul Ball, location: 2F
0-2: Ball
1-2: Ground out 4-3 (Groundball, 4M)
Batting: RHB Greg Lee 0-0: Called Strike
0-1: Ball
1-1: Called Strike
1-2: Strikes out swinging
Bottom of the 4th over - 0 run(s), 0 hit(s), 0 error(s), 0 left on base; Barry's Bay 0 - Manhatten 3
TOP OF THE 5TH
Barry's Bay Orioles batting - Pitching for Manhatten Meatheads : LHP Ben Head
Batting: RHB Vincent Braun 0-0: Foul Ball, location: 2F
0-1: SINGLE (Line Drive, 4MD)
Batting: SHB Walt Simmons 0-0: DOUBLE (Flyball, 7D)
Vincent Braun to third
Batting: RHB Tom Hughes 0-0: Ball
1-0: Foul Ball, location: 2F
1-1: Foul Ball, location: 2F
1-2: Ball
2-2: Strikes out looking
Batting: RHB Curt Wagner 0-0: Ball
1-0: Ball
2-0: Called Strike
2-1: Ball
3-1: Called Strike
3-2: Foul Ball, location: 2F
3-2: Fly out, F9 (Flyball, 9LM)
Batting: LHB Javier Orozco 0-0: Ball
1-0: Ball
2-0: Ball
3-0: Called Strike
3-1: SINGLE (Line Drive, 9S)
Vincent Braun scores
Walt Simmons to third
Runner from 3rd tries for Home, SAFE, throw made home
Javier Orozco to second
Batting: RHB Juan Velásquez 0-0: Called Strike
0-1: Swinging Strike
0-2: Strikes out swinging
Top of the 5th over - 2 run(s), 3 hit(s), 0 error(s), 1 left on base; Barry's Bay 2 - Manhatten 3
BOTTOM OF THE 5TH
Manhatten Meatheads batting - Pitching for Barry's Bay Orioles : RHP Juan Gutiérrez
Batting: SHB Will Evans 0-0: Called Strike
0-1: Swinging Strike
0-2: Strikes out swinging
Batting: SHB Kent Phillips 0-0: Foul Ball, location: 2F
0-1: Foul Ball, location: 2F
0-2: Ball
1-2: Ball
2-2: Strikes out swinging
Batting: RHB Mark McDonald 0-0: Ball
1-0: Called Strike
1-1: Ball
2-1: Foul Ball, location: 2F
2-2: Ground out 5-3 (Groundball, 56)
Bottom of the 5th over - 0 run(s), 0 hit(s), 0 error(s), 0 left on base; Barry's Bay 2 - Manhatten 3
TOP OF THE 6TH
Barry's Bay Orioles batting - Pitching for Manhatten Meatheads : LHP Ben Head
Batting: LHB Joaquín González 0-0: Ball
1-0: Foul Ball, location: 2F
1-1: Ball
2-1: SINGLE (Groundball, 34D)
Batting: RHB Enrico Ramos 0-0: Ball
1-0: Ball
2-0: Foul Ball, location: 2F
2-1: Swinging Strike
2-2: Strikes out swinging
Batting: RHB Pedro Molina 0-0: Ball
1-0: Fly out, F8 (Flyball, 8LM)
Batting: RHB Vincent Braun 0-0: Ball
Joaquín González steals 2nd base
1-0: Foul Ball, location: 2F
1-1: Ball
2-1: Ball
3-1: Ground out 5-3 (Groundball, 5L)
Top of the 6th over - 0 run(s), 1 hit(s), 0 error(s), 1 left on base; Barry's Bay 2 - Manhatten 3
BOTTOM OF THE 6TH
Manhatten Meatheads batting - Pitching for Barry's Bay Orioles : RHP Juan Gutiérrez
Batting: RHB Kyle O'Day 0-0: SINGLE (Line Drive, 56D)
Batting: LHB Pat Zimmerman 0-0: DOUBLE (Flyball, 78D)
Kyle O'Day to third
Batting: LHB Dave Watt 0-0: Ball
1-0: Called Strike
1-1: Called Strike
1-2: Strikes out looking
Batting: LHB Ed Murray 0-0: Fly out, F7 (Flyball, 7LM)
Runner from 3rd tags up, SCORES, no throw
Batting: RHB Juan Reyes 0-0: Ball
1-0: Ball
2-0: Ball
3-0: Base on Balls
Pitching: LHP Juan Jiménez
Batting: RHB Greg Lee 0-0: Foul Ball, location: 2F
0-1: Called Strike
0-2: Ball
1-2: Ball
2-2: Foul Ball, location: 2F
2-2: Strikes out swinging
Bottom of the 6th over - 1 run(s), 2 hit(s), 0 error(s), 2 left on base; Barry's Bay 2 - Manhatten 4
TOP OF THE 7TH
Barry's Bay Orioles batting - Pitching for Manhatten Meatheads : LHP Ben Head
Pitching: RHP Matt Johnston
Batting: SHB Walt Simmons 0-0: Ground out U3 (Groundball, 3S)
Batting: RHB Tom Hughes 0-0: Foul Ball, location: 2F
0-1: Called Strike
0-2: Foul Ball, location: 2F
0-2: Ball
1-2: Strikes out swinging
Batting: RHB Curt Wagner 0-0: Called Strike
0-1: SINGLE (Groundball, 5) (infield hit)
Pitching: LHP Aaron Gibbs
Batting: LHB Javier Orozco 0-0: Called Strike
0-1: Ground out 1-3 (Groundball, 13S)
Top of the 7th over - 0 run(s), 1 hit(s), 0 error(s), 1 left on base; Barry's Bay 2 - Manhatten 4
BOTTOM OF THE 7TH
Manhatten Meatheads batting - Pitching for Barry's Bay Orioles : LHP Juan Jiménez
Batting: SHB Will Evans 0-0: SINGLE (Groundball, 56)
Batting: SHB Kent Phillips 0-0: Called Strike
0-1: Fly out, F9 (Flyball, 9LS)
Batting: RHB Mark McDonald 0-0: Ball
1-0: Called Strike
1-1: Ball
2-1: SINGLE (Flyball, 9LS)
Will Evans to second
Runner from 2nd tries for 3rd, SAFE, throw made to third
Mark McDonald to second
Batting: RHB Kyle O'Day 0-0: Called Strike
0-1: Ball
1-1: DOUBLE (Line Drive, 7LM)
Will Evans scores
Mark McDonald scores
Batting: LHB Pat Zimmerman 0-0: Intentional Walk
Batting: LHB Dave Watt 0-0: 3-RUN HOME RUN (Flyball, 89XD), Distance : 372 ft
Pitching: RHP Rob Young
Batting: LHB Ed Murray 0-0: Hit by Pitch
Batting: RHB Juan Reyes 0-0: Foul Ball, location: 2F
0-1: Foul Ball, location: 2F
0-2: Foul Ball, location: 2F
0-2: Ball
1-2: Ball
2-2: Strikes out swinging
Batting: RHB Greg Lee 0-0: Called Strike
0-1: Called Strike
0-2: Foul Ball, location: 2F
0-2: Strikes out swinging
Bottom of the 7th over - 5 run(s), 4 hit(s), 0 error(s), 1 left on base; Barry's Bay 2 - Manhatten 9
TOP OF THE 8TH
Barry's Bay Orioles batting - Pitching for Manhatten Meatheads : LHP Aaron Gibbs
Batting: RHB Juan Velásquez 0-0: Ball
1-0: Foul Ball, location: 2F
1-1: Fly out, F8 (Flyball, 8RM)
Pitching: RHP Rodney Hall
Batting: LHB Joaquín González 0-0: Foul Ball, location: 2F
0-1: Ball
1-1: Foul Ball, location: 2F
1-2: Strikes out swinging
Pinch Hitting: RHB Brian Parks 0-0: Swinging Strike
0-1: Ball
1-1: Ball
2-1: Swinging Strike
2-2: Strikes out swinging
Top of the 8th over - 0 run(s), 0 hit(s), 0 error(s), 0 left on base; Barry's Bay 2 - Manhatten 9
BOTTOM OF THE 8TH
Manhatten Meatheads batting - Pitching for Barry's Bay Orioles : RHP Rob Young
Now at 2B: Brian Parks
Batting: SHB Will Evans 0-0: Ball
1-0: Swinging Strike
1-1: Fly out, F4 (Line Drive, 4)
Batting: SHB Kent Phillips 0-0: Called Strike
0-1: Ground out 5-3 (Groundball, 5L)
Batting: RHB Mark McDonald 0-0: Ball
1-0: Ball
2-0: Ball
3-0: Called Strike
3-1: Fly out, F5 (Popup, 15S)
Bottom of the 8th over - 0 run(s), 0 hit(s), 0 error(s), 0 left on base; Barry's Bay 2 - Manhatten 9
TOP OF THE 9TH
Barry's Bay Orioles batting - Pitching for Manhatten Meatheads : RHP Rodney Hall
Now at 3B: Ramón Ybarra
Batting: RHB Pedro Molina 0-0: SINGLE (Groundball, 34)
Batting: RHB Vincent Braun 0-0: Called Strike
0-1: Ball
1-1: Swinging Strike
1-2: Strikes out looking
Batting: SHB Walt Simmons 0-0: Ball
1-0: Called Strike
1-1: Called Strike
1-2: Ball
2-2: Ball
3-2: Foul Ball, location: 2F
3-2: SINGLE (Groundball, 56D)
Pedro Molina to second
Batting: RHB Tom Hughes 0-0: Ball
1-0: Called Strike
1-1: Foul Ball, location: 2F
1-2: Ball
2-2: Fly out, F6 (Popup, 56D)
Batting: RHB Curt Wagner 0-0: Ball
1-0: Swinging Strike
1-1: Foul Ball, location: 2F
1-2: Strikes out swinging
Top of the 9th over - 0 run(s), 2 hit(s), 0 error(s), 2 left on base; Barry's Bay 2 - Manhatten 9
This league is powered by Out of the Park Baseball, the baseball management simulation game for PC, Mac and Linux
Wednesday, December 2nd, 2015 - OOTP Baseball 16.8 Build 38